 Dungeon Crawl Stone Soup version 0.27-a0-668-gb5737ff2c0 (webtiles) character file.

Game seed: 16719362634425330900

10 sanka the Vexing (level 2, 0/23 HPs)
             Began as a Vampire Wanderer on Mar 17, 2021.
             Slain by a goblin
             ... wielding a +0 dagger
              (4 damage)
             ... on level 1 of the Dungeon.
             The game lasted 00:01:45 (613 turns).

sanka the Vexing (Vampire Wanderer)                  Turns: 613, Time: 00:01:46

Health: 0/23       AC:  2    Str:  9    XL:     2   Next: 10%
Magic:  5/5        EV: 12    Int: 15    God:
Gold:   31         SH:  0    Dex: 14    Spells: 2/5 levels left

rFire    . . .     SeeInvis +   a - +0 dagger
rCold    . . .     Faith    .   (no shield)
rNeg     . . .     Spirit   .   d - +0 robe
rPois    .         Reflect  .   (no helmet)
rElec    .         Harm     .   (no cloak)
rCorr    .         Rampage  .   (no gloves)
Will     .....                  (no boots)
Stlth    ++........             (no amulet)
HPRegen  0.27/turn              (no ring)
MPRegen  0.09/turn              (no ring)

@: regenerating quickly
A: alive, fangs 3, see invisible, unbreathing 1, vampiric 1
a: Exsanguinate


You were on level 1 of the Dungeon.
You visited 1 branch of the dungeon, and saw 1 of its levels.

You collected 31 gold pieces.


Innate Abilities, Weirdness & Mutations

Your natural rate of healing is unusually fast.
You have razor-sharp teeth.
You have supernaturally acute eyesight. (SInv)
You can survive without breathing.
You are afflicted with vampirism.


   Skills:
 + Level 2.5 Fighting
 - Level 1.1 Dodging
 - Level 1.5 Stealth
 - Level 1.0 Shields
 - Level 2.0 Spellcasting
 - Level 4.4 Hexes


You had 2 spell levels left.
You knew the following spells:

 Your Spells              Type           Power      Damage    Failure   Level
z - Ensorcelled Hibernat  Hex/Ice        16%        N/A       14%         2
Z - Corona                Hex            15%        N/A       3%          1

Your spell library contained the following spells:

 Spells                   Type           Power      Damage    Failure   Level
 Confusing Touch          Hex            14%        N/A       11%         3
 Tukima's Dance           Hex            14%        N/A       11%         3
 Dazzling Flash           Conj/Hex       16%        N/A       26%         3
 Inner Flame              Hex/Fire       8%         N/A       26%         3

Inventory:

Hand Weapons
 a - a +0 dagger (weapon)
Armour
 d - a +0 robe (worn)
Scrolls
 e - a scroll of fear {unknown}
Potions
 b - a potion of flight {unknown}
 c - a potion of curing {@q1}

Dungeon Overview and Level Annotations

Branches:
Dungeon (1/15)

Altars:

▒▒▒.▒▒ ▒.▒ .▒.▒▒ ▒.▒ ▒.▒▒
▒.▒ ▒.▒ ▒.▒ ▒+▒▒ ..▒ ▒.▒
▒...▒▒ ▒▒▒ ▒.▒ ▒▒.....▒▒ ▒▒
▒▒.▒▒ ▒▒.......▒
.▒▒▒▒▒▒▒▒▒▒▒...▒▒▒▒.........
................Vgg...(..£.>
..÷..▒▒▒▒▒▒▒...▒▒▒▒.........
.....▒ ▒▒.▒.▒▒▒▒.......▒
.....▒ ▒▒...▒.▒▒▒▒...>.▒▒
.....▒ ▒....▒▒.▒ ▒...▒▒
÷....▒ ▒▒...▒.▒▒ ▒+▒▒ ▒▒.▒▒▒
▒▒.▒.▒▒ ▒.▒ ▒▒.▒▒ ▒▒.▒ ▒.▒


You could see 2 goblins.


Message History

You open the door.
A goblin comes into view. It is wielding a +0 dagger.
Found 19 stones.
Found a stone staircase leading down.
Unknown command.
A goblin comes into view. It is wielding a +0 club.
The goblin shouts!
Found 9 gold pieces.
There is an open door here.
The goblin shouts!
The goblin barely misses you.
Found a stone staircase leading down.
You completely miss the goblin. The goblin hits you with a +0 dagger.
You closely miss the goblin. The goblin hits you with a +0 dagger.
You hit the goblin. Your bite misses the goblin.
The goblin is severely wounded.
The goblin closely misses you. The goblin hits you with a +0 dagger.
The goblin hits you with a +0 club!
* * * LOW HITPOINT WARNING * * *
There is an open door here.
You hit the goblin but do no damage. The goblin hits you with a +0 dagger.
* * * LOW HITPOINT WARNING * * *
You barely miss the goblin. The goblin hits you with a +0 dagger.
You die...

Action                   || total
-------------------------++-------
Melee: Dagger            ||    70
       Bite              ||     3
 Stab: Sleeping          ||     2
Armor: Robe              ||    21
Dodge: Dodged            ||    66

Levels and vault maps discovered:
D:1:      lightli_arrival_isolated_outpost, layout_loops_corners

Notes
Turn   | Place    | Note
-------+----------+-------------------------------------------
     0 | D:1      | sanka the Vampire Wanderer began the quest for the Orb.
     0 | D:1      | sanka set off with the following items: a +0 dagger, a
                  | potion of curing {@q1}, a +0 robe; and the following spell
                  | memorised: Corona; and the following spells available to
                  | memorise: Confusing Touch, Tukima's Dance, Ensorcelled
                  | Hibernation, Dazzling Flash, Inner Flame
     0 | D:1      | Reached XP level 1. HP: 16/16 MP: 3/3
   198 | D:1      | Reached skill level 2 in Fighting
   370 | D:1      | Reached XP level 2. HP: 23/23 MP: 5/5
   394 | D:1      | Learned a level 2 spell: Ensorcelled Hibernation
   613 | D:1      | Slain by a goblin

Vanquished Creatures
  2 leopard geckos (D:1)
  A hobgoblin (D:1)
  3 bats (D:1)
  A frilled lizard (D:1)
  2 kobolds (D:1)
9 creatures vanquished.
